 Dungeon Crawl Stone Soup version 0.31.0-32-g396128a36d (webtiles) character file.

Game seed: 5950104215894217689

470 MisterFreud the Ruffian (level 7, 0/52 HPs)
             Began as a Gnoll Shapeshifter on Mar 31, 2024.
             Was a Priest of Elyvilon.
             Slain by a gnoll
             ... wielding a +0 spear
              (7 damage)
             ... on level 4 of the Dungeon.
             The game lasted 00:03:33 (3362 turns).

MisterFreud the Ruffian (Gnoll Shapeshifter)        Turns: 3362, Time: 00:03:34

Health: 0/52       AC:  2    Str: 13    XL:     7   Next: 9%
Magic:  10/10      EV: 13    Int: 12    God:    Elyvilon [***...]
Gold:   154        SH:  0    Dex: 11    Spells: 10/10 levels left

rFire   . .          .
                       - Unarmed
rCold   + . .        (no shield)
rNeg    . . .        a - +0 animal skin
rPois   .            (helmet currently unavailable)
rElec   .            (cloak currently unavailable)
rCorr   .            (gloves currently unavailable)
SInv    .            (boots currently unavailable)
Will    .....        l - amulet of the acrobat
Stlth   ++           i - ring of protection from cold
HPRegen 0.28/turn    (no ring)
MPRegen 0.12/turn

%: acrobat
@: beast-form
A: beast (slay +3), fangs 1, strong nose, distributed training
a: Begin Untransformation, Renounce Religion, Purification, Heal Other, Heal
Self


You were on level 4 of the Dungeon.
You worshipped Elyvilon.
Elyvilon was most pleased with you.
You were a hulking beast.
You visited 1 branch of the dungeon, and saw 4 of its levels.

You collected 154 gold pieces.

Inventory:

Missiles
 j - 6 silver javelins (quivered)
Armour
 a - a +0 animal skin (worn)
Jewellery
 i - a ring of protection from cold (left hand)
 l - an amulet of the acrobat (around neck)
Talismans
 c - a beast talisman
 d - a flux talisman
Scrolls
 f - a scroll of poison {unknown}
 h - 2 scrolls of identify
 k - 2 scrolls of enchant armour {unknown}
 m - a scroll of teleportation {unknown}
 p - a scroll of noise
Potions
 e - 2 potions of cancellation
 g - 2 potions of curing
 n - a potion of resistance
 o - a potion of invisibility
 q - 2 potions of attraction
 r - 2 potions of might


   Skills:
 + Level 3.5 Fighting
 + Level 2.3 Short Blades
 + Level 2.3 Long Blades
 + Level 2.3 Axes
 + Level 2.3 Maces & Flails
 + Level 2.3 Polearms
 + Level 2.3 Staves
 + Level 2.3 Ranged Weapons
 + Level 2.3 Throwing
 + Level 2.3 Armour
 + Level 5.2 Dodging
 + Level 2.3 Stealth
 + Level 2.3 Shields
 + Level 7.0 Unarmed Combat
 + Level 2.3 Spellcasting
 + Level 1.9 Conjurations
 + Level 1.9 Hexes
 + Level 1.9 Summonings
 + Level 1.9 Necromancy
 + Level 1.9 Translocations
 + Level 1.9 Fire Magic
 + Level 1.9 Ice Magic
 + Level 1.9 Air Magic
 + Level 1.9 Earth Magic
 + Level 1.9 Alchemy
 + Level 2.6 Invocations
 + Level 2.3 Evocations
 + Level 6.9 Shapeshifting


You had 10 spell levels left.
You didn't know any spells.
Your spell library contained the following spells:

 Spells                   Type           Power      Damage    Failure   Level
 Foxfire                  Conj/Fire      24%        2x1d5     12%         1
 Lesser Beckoning         Tloc           12%        N/A       19%         2
 Gell's Gravitas          Tloc           6%         N/A       34%         3
 Teleport Other           Tloc           6%         N/A       34%         3
 Dispersal                Tloc           3%         N/A       100%        6
 Plasma Beam              Fire/Air       3%         2x1d13    100%        6
 Starburst                Conj/Fire      3%         6d3       100%        6


Dungeon Overview and Level Annotations

Branches:
Dungeon (4/15)
 Temple: D:4-7

Altars:
Ashenzari
Dithmenos
Elyvilon
Kikubaaqudgha
Nemelex Xobeh
Ru
Wu Jian
Xom


Innate Abilities, Weirdness & Mutations

You are a hulking beast.
Your limbs bulge with bestial killing power. (Slay +3)
You have very sharp teeth.
Your uncanny sense of smell can sniff out nearby items.
Your experience applies equally to all skills.


Message History

Deactivating autopickup; reactivate with Ctrl-A.
The orc priest closely misses you.
You punch the orc priest!
You kill the orc priest!
The ball python closely misses you. The ball python grabs you.
The ball python constricts you.
Your Unarmed Combat skill increases to level 7!
You have reached level 7!
You punch the ball python!
You kill the ball python!
The gnoll shouts!
Something closely misses you.
You see here a ball python corpse.
You closely miss something. Your bite misses something.
The orc hits you with a +0 dagger. Something hits you.
You miss something. The orc closely misses you.
You hit something. Something hits you. The orc hits you with a +0 dagger.
You miss something. Something hits you. The orc hits you with a +0 dagger.
You closely miss something. Your punch misses something. Something hits you.
The orc closely misses you.
You hit something.
The gnoll hits you from afar with a +0 spear.
Something hits you.
* * * LOW HITPOINT WARNING * * *
You hit something. Your bite misses something.
The gnoll hits you from afar with a +0 spear!
* * * LOW HITPOINT WARNING * * *
You hear some strange, mumbled words.
Something tries to affect you, but you resist.
You hit something.
Reactivating autopickup.
You feel a bit more experienced. The orc closely misses you.
The gnoll hits you from afar with a +0 spear.
* * * LOW HITPOINT WARNING * * *
You feel better. The orc closely misses you. The gnoll barely misses you.
You hit the orc.
The orc is severely wounded.
The orc misses you.
The gnoll hits you from afar with a +0 spear!
You die...

###...............#.#......#
#####...#............#......
###...........%....#..###...#.#
......##...............#..###.#
..........#..............## #
##....#...#..............
##.####.............#..#### #
#..####.....).).....#....# .#
##.##...##....h.g........##.#.
###.....#.#.....o.)..##....#....
.....####.#.....................
...#..# #.#.########...#........
....#.# #...................g...
....#.####.#........(..#.####.#
....#......#.†.........#.####.##
....#...#####...........#?......
....#.#.## #...........##g.....


You could see a gnoll and an orc.

Vanquished Creatures
  Sigmund (D:2)
  A scorpion (D:4)
  A jelly (D:4)
  An orc priest (D:4)
  2 orc wizards (D:4)
  2 gnolls (D:3)
  3 adders
  3 dart slugs
  4 ribbon worms
  9 ball pythons
  6 endoplasms
  3 giant cockroaches
  5 goblins
  10 hobgoblins
  10 jackals
  A kobold (D:3)
  3 quokkas
  6 bats
  4 frilled lizards
  6 rats
81 creatures vanquished.

Notes
Turn   | Place    | Note
-------+----------+-------------------------------------------
     0 | D:1      | MisterFreud the Gnoll Shapeshifter began the quest for the
                  | Orb.
     0 | D:1      | Reached XP level 1. HP: 17/17 MP: 1/1
   178 | D:1      | Reached XP level 2. HP: 22/23 MP: 2/2
   499 | D:1      | Reached XP level 3. HP: 17/28 MP: 3/3
   676 | D:1      | Found a faded altar of an unknown god.
   697 | D:1      | Prayed at the altar of an unknown god.
   697 | D:1      | Became a worshipper of Elyvilon the Healer
   697 | D:1      | Reached * piety under Elyvilon
  1037 | D:2      | Reached skill level 1 in Invocations
  1205 | D:2      | Reached ** piety under Elyvilon
  1206 | D:2      | Noticed Sigmund
  1221 | D:2      | Killed Sigmund
  1222 | D:2      | Reached skill level 1 in Short Blades
  1222 | D:2      | Reached skill level 1 in Long Blades
  1222 | D:2      | Reached skill level 1 in Axes
  1222 | D:2      | Reached skill level 1 in Maces & Flails
  1222 | D:2      | Reached skill level 1 in Polearms
  1222 | D:2      | Reached skill level 1 in Staves
  1222 | D:2      | Reached skill level 1 in Ranged Weapons
  1222 | D:2      | Reached skill level 1 in Throwing
  1222 | D:2      | Reached skill level 1 in Armour
  1222 | D:2      | Reached skill level 1 in Stealth
  1222 | D:2      | Reached skill level 1 in Shields
  1222 | D:2      | Reached skill level 1 in Spellcasting
  1222 | D:2      | Reached skill level 1 in Conjurations
  1222 | D:2      | Reached skill level 1 in Hexes
  1222 | D:2      | Reached skill level 1 in Summonings
  1222 | D:2      | Reached skill level 1 in Necromancy
  1222 | D:2      | Reached skill level 1 in Translocations
  1222 | D:2      | Reached skill level 1 in Fire Magic
  1222 | D:2      | Reached skill level 1 in Ice Magic
  1222 | D:2      | Reached skill level 1 in Air Magic
  1222 | D:2      | Reached skill level 1 in Earth Magic
  1222 | D:2      | Reached skill level 1 in Alchemy
  1222 | D:2      | Reached skill level 1 in Evocations
  1222 | D:2      | Reached XP level 4. HP: 11/35 MP: 4/6
  1222 | D:2      | Reached XP level 5. HP: 12/41 MP: 4/7
  1660 | D:2      | Reached XP level 6. HP: 47/47 MP: 8/8
  2040 | D:3      | Found a broken altar of Ashenzari.
  2042 | D:3      | Found a shadowy altar of Dithmenos.
  2042 | D:3      | Found an ornate altar of the Wu Jian Council.
  2043 | D:3      | Found an ancient bone altar of Kikubaaqudgha.
  2043 | D:3      | Found a shimmering altar of Xom.
  2043 | D:3      | Found a sacrificial altar of Ru.
  2044 | D:3      | You fall into a shaft and drop 1 floor!
  2075 | D:4      | Reached skill level 5 in Dodging
  2354 | D:4      | Found a sparkling altar of Nemelex Xobeh.
  2692 | D:3      | Reached *** piety under Elyvilon
  3084 | D:4      | HP: 1/47 [gnoll/+0 whip (3)]
  3084 | D:4      | Elyvilon protects you from harm!
  3084 | D:4      | Elyvilon protects you from harm!
  3351 | D:4      | Reached skill level 7 in Unarmed Combat
  3351 | D:4      | Reached XP level 7. HP: 31/52 MP: 10/10
  3360 | D:4      | HP: 2/52 [gnoll/+0 spear (5)]
  3362 | D:4      | Slain by a gnoll

Illustrated notes

Levels and vault maps discovered:
D:1:      dpeg_arrival_line_fractal, layout_basic,
          chequers_ecumenical_altar_twisty
D:2:      layout_basic, uniq_sigmund
D:3:      layout_basic, grunt_temple_overflow_open
D:4:      layout_rooms, grunt_ministairs_12, eino_curves_03,
          minmay_ruined_shrine

Skill      XL: |  1  2  3  4  5  6 |
---------------+-------------------+-----
Invocations    | 1 2 |  2.6
Fighting       | 3 |  3.5
Short Blades   | 1 2 |  2.3
Long Blades    | 1 2 |  2.3
Axes           | 1 2 |  2.3
Maces & Flails | 1 2 |  2.3
Polearms       | 1 2 |  2.3
Staves         | 1 2 |  2.3
Ranged Weapons | 1 2 |  2.3
Throwing       | 1 2 |  2.3
Armour         | 1 2 |  2.3
Stealth        | 1 2 |  2.3
Shields        | 1 2 |  2.3
Spellcasting   | 1 2 |  2.3
Conjurations   | 1 |  1.9
Hexes          | 1 |  1.9
Summonings     | 1 |  1.9
Necromancy     | 1 |  1.9
Translocations | 1 |  1.9
Fire Magic     | 1 |  1.9
Ice Magic      | 1 |  1.9
Air Magic      | 1 |  1.9
Earth Magic    | 1 |  1.9
Alchemy        | 1 |  1.9
Evocations     | 1 2 |  2.3
Dodging        | 5 |  5.2
Unarmed Combat | 7 |  7.0
Shapeshifting  | |  6.9

Action                     |  1- 3 |  4- 6 |  7- 9 || total
---------------------------+-------+-------+-------++-------
  Melee: Unarmed           |    60 |   132 |    10 ||   202
         Punch             |     3 |     1 |       ||     4
         Bite              |     2 |    10 |       ||    12
    Use: Scroll            |       |     7 |       ||     7
         Potion            |       |     3 |     1 ||     4
   Stab: Sleeping          |     1 |     4 |       ||     5
 Armour: Animal skin       |    31 |    58 |    12 ||   101
         Skin              |       |     4 |       ||     4
  Dodge: Dodged            |    42 |   105 |     7 ||   154
